AoeStats
← 吹尽凡尘心

Black Forest

507103479Analyzed
4v4 RM · 17d ago on Sep 16, 2026· 62m 4s· 8 players
Game mode
Random Map
Map size
Large (8 player)
Population
200
Speed
Normal
Resources
Standard
Victory
Conquest
Starting age
Dark Age
Ending age
Imperial Age
RankedLock teamsTeams togetherTeam positionsShared explorationLock speedFull tech treeHidden civsTurbo modeCheats
Victory
Defeat
🇭🇷 Japanese · Croatia
1719
+7
🇧🇦 Khmer · Bosnia & Herzegovina
1496
+15
🇸🇮 Saracens · Slovenia
1480
+15
🇧🇦 Georgians · Bosnia & Herzegovina
1474
+16
🇦🇷 Mongols · Argentina
1495
-14
🇯🇵 Spanish · Japan
1477
-13
🇨🇳 Spanish · China
1471
-13
🇭🇰 Persians · Hong Kong SAR China
1467
-13
勇敢牛牛
2:09 Loom
11:17 Feudal Age
15:45 Castle Age
14:07 Double-Bit Axe
16:45 Bow Saw
23:37 Wheelbarrow
28:02 Bloodlines
27:52 Husbandry
29:40 Wheelbarrow
28:47 Horse Collar
33:31 Imperial Age
31:45 Hand Cart
33:54 Padded Archer Armor
34:44 Elite Conquistador
38:30 Conscription
38:05 Stone Mining
39:34 Capped Ram
43:15 Cavalier
44:01 Scale Barding Armor
44:06 Forging
44:29 Fletching
45:14 Leather Archer Armor
45:21 Chain Barding Armor
44:47 Paladin
45:49 Bodkin Arrow
46:31 Iron Casting
47:11 Caravan
48:56 Blast Furnace
48:32 Plate Barding Armor
47:25 Siege Ram
48:38 Bracer
52:18 Ring Archer Armor
53:34 Chemistry
52:08 Onager
54:16 Supremacy
54:57 Sappers
58:52 Pikeman
kenny yip
5:28 Loom
10:07 Feudal Age
13:49 Castle Age
12:03 Double-Bit Axe
13:04 Horse Collar
14:30 Bow Saw
18:47 Wheelbarrow
20:57 Gold Mining
22:50 Stone Mining
25:02 Stone Shaft Mining
25:02 Gold Shaft Mining
25:24 Hand Cart
28:18 Imperial Age
26:10 Forging
26:27 Scale Barding Armor
27:28 Iron Casting
27:20 Heavy Plow
27:23 Caravan
27:48 Husbandry
27:58 Bloodlines
28:32 Chain Barding Armor
27:55 Cavalier
30:04 Blast Furnace
29:29 Conscription
29:44 Guilds
31:20 Plate Barding Armor
30:11 Savar
32:10 Heavy Camel Rider
32:24 Pikeman
33:05 Squires
33:06 Scale Mail Armor
33:10 Halberdier
36:20 Coinage
37:05 Chain Mail Armor
36:56 Fletching
38:04 Banking
37:30 Elite War Elephant
40:21 Plate Mail Armor
41:23 Light Cavalry
43:27 Bodkin Arrow
48:35 Chemistry
55:16 Hussar
吹尽凡尘心
5:35 Loom
12:49 Feudal Age
16:45 Castle Age
14:48 Double-Bit Axe
14:45 Horse Collar
15:50 Loom
21:17 Padded Archer Armor
22:32 Bow Saw
23:02 Stone Mining
27:54 Bloodlines
29:35 Fletching
31:36 Husbandry
41:10 Imperial Age
40:47 Wheelbarrow
41:53 Fortified Wall
41:33 Pikeman
42:14 Squires
42:12 Halberdier
42:54 Scale Mail Armor
43:05 Forging
44:58 Chain Mail Armor
44:54 Forging
44:59 Leather Archer Armor
44:32 Elite Conquistador
46:32 Plate Mail Armor
46:48 Stone Shaft Mining
46:04 Gold Mining
47:18 Conscription
47:52 Iron Casting
48:28 Two-Man Saw
51:08 Ring Archer Armor
51:38 Blast Furnace
51:40 Supremacy
52:07 Heavy Plow
54:55 Chemistry
54:15 Ballistics
54:57 Scale Barding Armor
55:05 Guilds
54:58 Caravan
57:09 Bombard Tower
57:28 Coinage
60:01 Bodkin Arrow
60:00 Elite Cannon Galleon
Cleopatra
1:05 Loom
11:13 Feudal Age
15:18 Castle Age
13:24 Horse Collar
15:40 Double-Bit Axe
17:04 Wheelbarrow
17:00 Heavy Plow
17:23 Bow Saw
22:34 Heavy Plow
30:11 Imperial Age
28:08 Stone Mining
28:08 Gold Mining
28:35 Hand Cart
29:05 Fletching
29:16 Padded Archer Armor
31:15 Bodkin Arrow
31:36 Leather Archer Armor
32:26 Bracer
33:35 Conscription
41:02 Caravan
42:37 Husbandry
42:47 Bloodlines
43:00 Elite Mangudai
44:49 Chemistry
44:30 Gold Shaft Mining
45:22 Stone Shaft Mining
46:06 Ballistics
46:22 Onager
49:55 Siege Onager
53:44 Drill
54:39 Light Cavalry
55:46 Siege Engineers
59:37 Hussar
61:54 Capped Ram
ceepki
1:03 Loom
14:35 Feudal Age
15:20 Town Watch
18:15 Castle Age
16:43 Double-Bit Axe
17:55 Fishing Lines
19:08 Bow Saw
21:47 Fortified Wall
22:51 Gillnets
25:36 Fletching
27:14 Ballistics
26:46 Guard Tower
26:56 Bodkin Arrow
28:29 Wheelbarrow
30:20 Treadmill Crane
36:49 Hand Cart
40:04 Caravan
40:13 Stone Mining
40:14 Gold Mining
40:37 Horse Collar
45:07 Imperial Age
43:43 Masonry
44:30 Heavy Plow
45:09 Gold Shaft Mining
45:05 Yasama
46:25 Keep
45:35 Arrowslits
46:51 Chemistry
45:52 Bracer
45:26 Heavy Scorpion
46:12 Siege Engineers
46:54 Conscription
46:54 Kataparuto
47:46 Pikeman
48:26 Squires
50:10 Halberdier
50:15 Onager
52:05 Scale Mail Armor
52:15 Forging
53:27 Chain Mail Armor
55:19 Coinage
58:12 Plate Mail Armor
58:17 Iron Casting
60:29 Murder Holes
61:11 Banking
dejan
0:27 Loom
12:32 Feudal Age
16:11 Castle Age
14:39 Double-Bit Axe
22:48 Horse Collar
24:17 Bow Saw
25:21 Heavy Plow
27:16 Wheelbarrow
28:34 Hand Cart
28:45 Stone Mining
31:37 Imperial Age
30:08 Scale Barding Armor
30:13 Forging
30:12 Caravan
30:27 Gold Mining
31:31 Chain Barding Armor
31:23 Forging
32:19 Fletching
31:52 Elite Mameluke
32:53 Conscription
33:21 Plate Barding Armor
33:39 Bloodlines
33:30 Husbandry
34:17 Iron Casting
36:58 Blast Furnace
36:16 Fletching
36:44 Siege Engineers
37:40 Chemistry
37:01 Ballistics
38:45 Bodkin Arrow
39:43 Bracer
45:31 Padded Archer Armor
45:32 Scale Mail Armor
46:11 Gold Shaft Mining
50:52 Coinage
50:04 Light Cavalry
54:24 Hussar
Pitlja
7:18 Loom
11:42 Feudal Age
15:20 Castle Age
15:58 Double-Bit Axe
16:21 Horse Collar
16:56 Bow Saw
17:56 Fishing Lines
21:45 Gillnets
24:42 Gold Mining
25:27 Fletching
26:41 Stone Mining
31:39 Imperial Age
29:31 Heavy Plow
30:07 Scale Barding Armor
30:12 Forging
30:52 Forging
31:51 Chain Barding Armor
31:40 Elite Monaspa
32:53 Bloodlines
33:32 Plate Barding Armor
33:35 Husbandry
34:00 Conscription
33:52 Bodkin Arrow
34:39 Wheelbarrow
35:16 Masonry
35:27 Ballistics
35:19 Light Cavalry
36:51 Aznauri Cavalry
37:01 Hussar
38:36 Iron Casting
39:30 Coinage
42:00 Banking
42:41 Caravan
57:48 Blast Furnace
Athenaeis
10:41 Feudal Age
13:38 Castle Age
12:42 Horse Collar
13:08 Double-Bit Axe
18:41 Wheelbarrow
19:47 Bow Saw
23:15 Gold Mining
24:44 Heavy Plow
25:16 Hand Cart
28:30 Imperial Age
25:46 Loom
27:00 Bloodlines
26:51 Husbandry
27:46 Scale Barding Armor
27:51 Forging
28:54 Gold Shaft Mining
29:30 Chain Barding Armor
29:38 Conscription
29:40 Tusk Swords
30:00 Town Watch
31:38 Plate Barding Armor
31:39 Iron Casting
33:38 Caravan
35:21 Blast Furnace
34:37 Stone Mining
34:27 Heavy Scorpion
35:51 Coinage
36:46 Ballistics
37:27 Chemistry
37:19 Double Crossbow
37:51 Elite Battle Elephant
39:47 Siege Engineers
40:56 Banking
47:57 Light Cavalry
Connection lost

Rejoining the realm…

Still unreachable

The connection could not be restored.

Session expired

The server has moved on; the page needs a fresh start.